 Dungeon Crawl Stone Soup version 0.32-a0-39-g5c88369fb2 (webtiles) character file.

Game seed: 12692306941688040898

2 IndexError the Apothecary (level 1, 16/16 HPs)
             Began as a Djinni Fire Elementalist on Jan 30, 2024.
             Was a Follower of Uskayaw.
             Quit the game on level 1 of the Dungeon.
             The game lasted 00:00:20 (107 turns).

IndexError the Apothecary (Djinni Fire Elementalist) Turns: 107, Time: 00:00:21

Health: 16/16      AC:  2    Str:  7    XL:     1   Next: 44%
Gold:   12         EV: 12    Int: 16    God:    Uskayaw [*.....] SH:  0 Dex: 13

rFire   + + .        (no weapon)
rCold   x . .        (no shield)
rNeg    . . .        a - +0 robe
rPois   ∞            (no helmet)
rElec   .            (no cloak)
rCorr   .            (no gloves)
SInv    .            (boots unavailable)
Will    .....        (no amulet)
Stlth   ++           (no ring)
HPRegen 0.22/turn    (no ring)
MPRegen 0.00/turn

%: no passive effects
@: flying
A: sickness immunity, fire resistance 2, cold vulnerability 1, float, innate
caster, HP casting, extra vitality 1
a: Renounce Religion, Stomp


You were on level 1 of the Dungeon.
You worshipped Uskayaw.
Uskayaw was noncommittal.
You visited 1 branch of the dungeon, and saw 1 of its levels.

You collected 12 gold pieces.

Inventory:

Armour
 a - a +0 robe (worn)
Scrolls
 b - a scroll of revelation {unknown}
Potions
 c - a potion of lignification {unknown}


   Skills:
 * Level 0.4 Fighting
 - Level 2.1 Dodging
 - Level 1.5 Stealth
 + Level 3.1 Spellcasting
 + Level 3.1 Conjurations
 + Level 3.1 Hexes
   Level 0.0 Charms
 + Level 3.1 Summonings
 + Level 3.1 Necromancy
 + Level 3.1 Translocations
   Level 0.0 Transmutations
 + Level 3.1 Fire Magic
 + Level 3.1 Ice Magic
 + Level 3.1 Air Magic
 + Level 3.1 Earth Magic
 + Level 3.1 Alchemy


You knew the following spells:

 Your Spells              Type           Power      Damage    Failure   Level
a - Foxfire               Conj/Fire      48%        2x1d6     4%          1
b - Scorch                Fire           24%        2d6       8%          2
c - Volatile Blastmotes   Fire/Tloc      24%        2d12      16%         3
d - Inner Flame           Hex/Fire       12%        N/A       16%         3
e - Flame Wave            Conj/Fire      12%        2d6       45%         4
Your spell library was empty.

Dungeon Overview and Level Annotations

Branches:
Dungeon (1/15)

Altars:
Uskayaw


Innate Abilities, Weirdness & Mutations

You are immune to sickness and miasma.
You are immune to poison.
Your flesh is very heat resistant. (rF++)
You are vulnerable to cold. (rC-)
You float through the air rather than walking.
You learn spells naturally, not from books.
Your magical power is your life essence.
You have superior vitality. (+4 MHP)


Message History

Bad channel name 'Jiyva says' for runrest: 'Jiyva says: Divide and consume' Welcome, IndexError the Djinni Fire Elementalist.
If you return without finding the Orb of Zot, so far below, it's all over!
Press ? for a list of commands and other information.
Found a staircase leading out of the dungeon.
You begin with the following spells memorised: Foxfire, Scorch, Volatile Blastmotes, Inner Flame, Flame Wave.
You reach down and open the door.
There is an open door here.
Found a stone staircase leading down.
A hobgoblin comes into view.
You conjure some foxfire!
You take 1 damage, and have 14/15 hp.
You miscast Foxfire.
You are very lightly contaminated with residual magic.
Nothing appears to happen.
You take 1 damage, and have 13/15 hp.
You conjure some foxfire!
You take 1 damage, and have 12/15 hp.
Your magical contamination has completely faded away.
HP restored.
The hobgoblin shouts!
Health restored: 15 You conjure some foxfire!
You take 1 damage, and have 14/15 hp.
The foxfire hits the hobgoblin. x2
Health restored: 15 A hobgoblin comes into view.
Found a stone staircase leading down.
A hobgoblin is nearby!
You conjure some foxfire!
You take 1 damage, and have 14/15 hp.
You conjure some foxfire!
The foxfire hits the hobgoblin. x2
You conjure some foxfire!
The foxfire hits the hobgoblin.
There is a stone staircase leading down here.
b - a scroll labelled SADUAF QUSM Health restored: 16
c - a gluggy clear potion You now have 12 gold pieces.
You reach down and open the door.
Found a faded altar of an unknown god.
There is an open door here.
Search for what [? for help]? alt
There is a faded altar of an unknown god here.
This altar belongs to (a) Qazlal, (b) Uskayaw or (c) Makhleb, but you can't tell which.
Press the corresponding letter to learn more about a god, or press enter to convert or escape to cancel.
Uskayaw accepts your prayer! Uskayaw welcomes you!
You can now stomp with the beat.
Are you sure you want to abandon this character and quit the game? (Confirm with "yes".) #.....# ###'###.# #P....#.# #....P#.# #.....#.## #.....#..# ##P..###.# ##.## #.# #@# #.# #P# #.# PPP

#.# #####PPP.P##.##
### #....#PPPPP#...#
...#
#...##PPPPP###.#
#...#####...##.PP.P#
#.# .
#..#.......###+###
#.#
.###...........#..#
#.#


There were no monsters in sight!

Vanquished Creatures
  2 hobgoblins (D:1)
2 creatures vanquished.

Vanquished Creatures (others)
  12 foxfires (D:1)
12 creatures vanquished.

Grand Total: 14 creatures vanquished

Notes
Turn   | Place    | Note
-------+----------+-------------------------------------------
     0 | D:1      | IndexError the Djinni Fire Elementalist began the quest for
                  | the Orb.
     0 | D:1      | IndexError set off with the following spells memorised:
                  | Foxfire, Scorch, Volatile Blastmotes, Inner Flame, Flame
                  | Wave.
     0 | D:1      | Reached XP level 1. HP: 15/15 MP: 0/0
    98 | D:1      | Found a faded altar of an unknown god.
   106 | D:1      | Prayed at the altar of an unknown god.
   106 | D:1      | Became a worshipper of Uskayaw the Reveller
   106 | D:1      | Reached * piety under Uskayaw
   107 | D:1      | Quit the game

Illustrated notes

Levels and vault maps discovered:
D:1:      dpeg_arrival_tiny_d, layout_loops_ring,
          shapermc_ecumenical_altar_flowoftime, serial_shops, shop

Action                     || total
---------------------------++-------
   Cast: Foxfire           ||     6

Table legend: (Time is in decaauts)
 A = Elapsed time spent in this place.
 B = Non-inter-level travel time spent in this place.
 C = Inter-level travel time spent in this place.
 D = Time resting spent in this place.
 E = Time spent auto-exploring this place.
 F = Levels seen in this place.
 G = Mean time per level.
                   A        B        C        D        E       F      G
               +--------+--------+--------+--------+--------+-----+--------+
         Total |    107 |    100 |      7 |      0 |     75 |   1 |  107.0 |
       Dungeon |    107 |    100 |      7 |      0 |     75 |   1 |  107.0 |
               +--------+--------+--------+--------+--------+-----+--------+

Top non-repeatable levels by time:
     D:1: 107 daAuts

Levels and vault maps discovered:
D:1:      dpeg_arrival_tiny_d, layout_loops_ring,
          shapermc_ecumenical_altar_flowoftime, serial_shops, shop

Table legend: (Time is in decaauts)
 A = Elapsed time spent in this place.
 B = Non-inter-level travel time spent in this place.
 C = Inter-level travel time spent in this place.
 D = Time resting spent in this place.
 E = Time spent auto-exploring this place.
 F = Levels seen in this place.
 G = Mean time per level.
                   A        B        C        D        E       F      G
               +--------+--------+--------+--------+--------+-----+--------+
         Total |    107 |    100 |      7 |      0 |     75 |   1 |  107.0 |
       Dungeon |    107 |    100 |      7 |      0 |     75 |   1 |  107.0 |
               +--------+--------+--------+--------+--------+-----+--------+

Top non-repeatable levels by time:
     D:1: 107 daAuts

Table legend:
 A = Kills in this place as a percentage of kills in the entire game.
 B = Kills by you in this place as a percentage of kills by you in the entire game.
 C = Kills by friends in this place as a percentage of kills by friends in the entire game.
 D = Other kills in this place as a percentage of other kills in the entire game.
 E = Experience gained in this place as a percentage of experience gained in the entire game.
 F = Experience gained in this place divided by the number of levels of this place that you have seen.
                   A       B       C       D       E      F
               +-------+-------+-------+-------+-------+----------------------
         Total | 100.0 | 100.0 |   N/A |   N/A | 100.0 |   4.0
       Dungeon | 100.0 | 100.0 |   N/A |   N/A | 100.0 |   4.0
               +-------+-------+-------+-------+-------+----------------------
